 Dungeon Crawl Stone Soup version 0.21.1-1-g345015fe64 (webtiles) character file.

570 Ablot the Skirmisher (level 7, 0/44 HPs)
             Began as a Gargoyle Fighter on July 18, 2018.
             Slain by a troll (12 damage)
             ... on level 2 of the Dungeon on July 19, 2018.
             The game lasted 00:13:49 (3416 turns).

Ablot the Skirmisher (Gargoyle Fighter)             Turns: 3416, Time: 00:13:50

Health: 0/44       AC: 12    Str: 22    XL:     7   Next: 34%
Magic:  7/7        EV:  8    Int:  8    God:
Gold:   161        SH: 10    Dex:  9    Spells: 6/6 levels left

rFire    . . .     SeeInvis .   a - +0 flail
rCold    . . .     Gourm    .   c - +0 shield
rNeg     + . .     Faith    .   b - +0 scale mail
rPois    ∞         Spirit   .   (no helmet)
rElec    +         Reflect  .   (no cloak)
rCorr    .         Harm     .   (no gloves)
MR       .....                  (no boots)
Stlth    ..........             (no amulet)
HPRegen  0.14/turn              (no ring)
MPRegen  0.10/turn              (no ring)

@: no status effects
A: negative energy resistance 1, electricity resistance, unbreathing,
petrification resistance, rot immunity, AC +4
a: no special abilities


You were on level 2 of the Dungeon.
You were not hungry.

You visited 1 branch of the dungeon, and saw 5 of its levels.

You collected 161 gold pieces.

Inventory:

Hand Weapons
 a - a +0 flail (weapon)
 p - a +0 hunting sling of flaming
Missiles
 l - 41 sling bullets (quivered)
 r - 6 curare-tipped needles
 y - 17 bolts
Armour
 b - a +0 scale mail (worn)
 c - a +0 shield (worn)
 k - a scarf of cloud immunity
 w - a +2 cloak of poison resistance
Jewellery
 n - an uncursed ring of flight {unknown}
 x - an uncursed ring of ice {unknown}
 C - an uncursed ring of magical power {unknown}
Wands
 v - a wand of polymorph (7)
Scrolls
 e - 4 scrolls of magic mapping
 h - a scroll of random uselessness {unknown}
 i - 2 scrolls of fog {unknown}
 m - 2 scrolls of teleportation {unknown}
 s - 2 scrolls of identify {unknown}
 z - a scroll of enchant armour {unknown}
 A - a scroll of amnesia {unknown}
Potions
 d - a potion of might
 g - 2 potions of degeneration {unknown}
 j - 2 potions of flight {unknown}
 o - 5 potions of brilliance {unknown}
 q - a potion of mutation {unknown}
 t - a potion of curing {unknown}
 u - 2 potions of agility {unknown}
 B - a potion of lignification {unknown}
Comestibles
 f - 8 rations
 D - 2 chunks of flesh


   Skills:
 + Level 5.2 Fighting
 + Level 4.0 Maces & Flails
 + Level 5.1 Armour
 + Level 0.3 Dodging
 - Level 2.0 Stealth
 + Level 5.1 Shields


You had 6 spell levels left.
You didn't know any spells.

Dungeon Overview and Level Annotations

Branches:
Dungeon (5/15)
 Temple: D:4-7

Altars:


Innate Abilities, Weirdness & Mutations

You are resistant to torment.
Your stone body is resilient. (AC +4)
You are immune to poison.
You resist negative energy. (rN+)
You are resistant to electric shocks. (rElec)
You can survive without breathing.
You are immune to petrification.
You are immune to rotting.


Message History

The troll closely misses you.
You closely miss the troll.
The troll is moderately wounded.
The troll bites you but does no damage. The troll barely misses you.
The troll claws you.
You hit the troll.
The troll is moderately wounded.
You block the troll's attack. x2; The troll claws you but does no damage.
The troll barely misses you. The troll claws you. The troll misses you.
You closely miss the troll.
The troll is moderately wounded.
The troll bites you! The troll claws you!
* * * LOW HITPOINT WARNING * * *
The troll claws you but does no damage.
There are no items here.
Okay, then.
You barely miss the troll.
The troll is moderately wounded.
The troll bites you!
You die...

## #. #. #.
#################.
#...#.....#.......
#...#.###.#.####..
#@................
#T###.#.########.)
#.#...#.# #....#.)
#.#.###.# #.#..#..
#.#.....###.#.##.#
#.................
#############....#
######


You could see a troll.

Vanquished Creatures
  Grinder (D:3)
  The ghost of 3rdEnemy the Shooter, an amateur CeHu (D:3)
  A centaur skeleton (D:4)
  Crazy Yiuf (D:2)
  Ijyb (D:3)
  A worker ant (D:4)
  A hound skeleton (D:4)
  2 adders
  3 oozes
  2 worms (D:2)
  A dart slug (D:2)
  2 leopard geckos
  6 orcs (D:4)
  A ball python (D:3)
  6 giant cockroaches
  7 goblins
  10 hobgoblins
  5 jackals
  2 quokkas (D:2)
  8 bats
  4 frilled lizards
  5 kobolds
  4 rats
75 creatures vanquished.

Notes
Turn   | Place    | Note
-------+----------+-------------------------------------------
     0 | D:1      | Ablot the Gargoyle Fighter began the quest for the Orb.
     0 | D:1      | Reached XP level 1. HP: 14/14 MP: 1/1
   358 | D:1      | Reached skill level 1 in Stealth
   358 | D:1      | Reached XP level 2. HP: 15/19 MP: 2/2
   603 | D:1      | Reached XP level 3. HP: 15/23 MP: 3/3
  1255 | D:2      | Reached XP level 4. HP: 17/29 MP: 4/4
  1630 | D:2      | Found a runed door.
  1634 | D:2      | Noticed Crazy Yiuf
  1640 | D:2      | Killed Crazy Yiuf
  2016 | D:3      | Reached XP level 5. HP: 33/33 MP: 5/5
  2040 | D:3      | Noticed Ijyb
  2064 | D:3      | Killed Ijyb
  2169 | D:3      | Noticed 3rdEnemy's ghost (amateur CeHu)
  2192 | D:3      | Killed 3rdEnemy's ghost
  2192 | D:3      | Reached XP level 6. HP: 22/39 MP: 6/6
  2653 | D:3      | Noticed Grinder
  2666 | D:3      | Paralysed by Grinder for 2 turns
  2679 | D:3      | Paralysed by Grinder for 6 turns
  2699 | D:3      | Killed Grinder
  2699 | D:3      | Reached skill level 5 in Fighting
  2699 | D:3      | Reached skill level 5 in Armour
  2699 | D:3      | Reached skill level 5 in Shields
  2699 | D:3      | Reached XP level 7. HP: 17/44 MP: 7/7
  3025 | D:5      | Entered Level 5 of the Dungeon
  3364 | D:4      | Noticed a troll
  3416 | D:2      | Slain by a troll

Skill      XL: |  1  2  3  4  5  6  7 |
---------------+----------------------+-----
Stealth        | 1 2 |  2.0
Fighting       | 4 5 |  5.2
Shields        | 4 5 |  5.1
Armour         | 4 5 |  5.1
Maces & Flails | 3 4 |  4.0
Dodging        | |  0.3

Action                   |  1- 3 |  4- 6 |  7- 9 || total
-------------------------+-------+-------+-------++-------
Melee: Flail             |   131 |   115 |    74 ||   320
       Unarmed           |       |    17 |       ||    17
 Fire: Hunting sling     |     6 |       |       ||     6
  Use: Scroll            |     1 |       |       ||     1
  Eat: Chunk             |     1 |     4 |       ||     5
       Ration            |       |       |     1 ||     1
Armor: Scale mail        |   103 |    62 |    30 ||   195
       Skin              |       |     3 |       ||     3
Dodge: Dodged            |    59 |    36 |    31 ||   126
Block: Shield            |    85 |    52 |    50 ||   187
